 Dungeon Crawl Stone Soup version 0.30.0-29-ga12c61a403 (webtiles) character file.

Game seed: 6317070544231118275

116 Chilbo the Poker (level 5, -2/43 HPs)
             Began as a Gnoll Reaver on June 12, 2023.
             Slain by Natasha (4 damage)
             ... on level 2 of the Dungeon.
             The game lasted 00:04:44 (1064 turns).

Chilbo the Poker (Gnoll Reaver)                     Turns: 1064, Time: 00:04:45

Health: -2/43      AC:  6    Str: 14    XL:     5   Next: 1%
Magic:  12/12      EV: 12    Int: 12    God:
Gold:   32         SH:  0    Dex: 10    Spells: 13/14 levels left

rFire   . . .        a - +0 spear
rCold   . . .        (no shield)
rNeg    . . .        b - +0 leather armour
rPois   .            k - +1 helmet
rElec   .            d - +0 cloak
rCorr   .            (no gloves)
SInv    .            (no boots)
Will    .....        (no amulet)
Stlth   +            (no ring)
HPRegen 0.27/turn    (no ring)
MPRegen 0.13/turn

%: no passive effects
@: slowed, very slow
A: fangs 1, strong nose, distributed training
a: no special abilities


You were on level 2 of the Dungeon.
You visited 1 branch of the dungeon, and saw 2 of its levels.

You collected 72 gold pieces.
You spent 40 gold pieces at shops.

Inventory:

Hand Weapons
 a - a +0 spear (weapon)
Missiles
 c - 9 poisoned darts
Armour
 b - a +0 leather armour (worn)
 d - a +0 cloak (worn)
 k - a +1 helmet (worn)
Scrolls
 f - 3 scrolls of identify
 h - a scroll of torment {unknown}
 j - a scroll of amnesia {unknown}
Potions
 e - a potion of mutation {unknown}
 g - a potion of flight {unknown}
 i - 2 potions of lignification {unknown}


   Skills:
 + Level 4.7 Fighting
 + Level 1.3 Short Blades
 + Level 1.3 Long Blades
 + Level 1.3 Axes
 + Level 1.3 Maces & Flails
 + Level 6.6 Polearms
 + Level 1.3 Staves
 + Level 1.3 Ranged Weapons
 + Level 1.3 Throwing
 + Level 1.3 Armour
 + Level 4.7 Dodging
 + Level 1.3 Stealth
 + Level 1.3 Shields
 + Level 1.3 Unarmed Combat
 + Level 5.1 Spellcasting
 + Level 5.5 Conjurations
 + Level 1.1 Hexes
 + Level 1.1 Summonings
 + Level 1.1 Necromancy
 + Level 1.1 Translocations
 + Level 1.1 Transmutations
 + Level 1.1 Fire Magic
 + Level 1.1 Ice Magic
 + Level 1.1 Air Magic
 + Level 1.1 Earth Magic
 + Level 1.1 Poison Magic
 + Level 1.5 Invocations
 + Level 1.3 Evocations


You had 13 spell levels left.
You knew the following spells:

 Your Spells              Type           Power      Damage    Failure   Level
a - Kiss of Death         Conj/Necr      44%        2d8       6%          1

Your spell library contained the following spells:

 Spells                   Type           Power      Damage    Failure   Level
 Momentum Strike          Conj/Tloc      22%        3d8       10%         2
 Hailstorm                Conj/Ice       11%        3d5       19%         3


Dungeon Overview and Level Annotations

Branches:
Dungeon (2/15)

Altars:

Shops:
D:1 ?

Annotations:
D:2 Natasha


Innate Abilities, Weirdness & Mutations

You have very sharp teeth.
Your uncanny sense of smell can sniff out nearby items.
Your experience applies equally to all skills.


Message History

The gnoll hits you with a +0 flail.
* * * LOW HITPOINT WARNING * * *
Natasha barely misses you. The gnoll closely misses you.
Natasha casts a spell at you.
You feel as though you will be slow longer.
The gnoll hits you with a +0 flail.
* * * LOW HITPOINT WARNING * * *
The gnoll closely misses you. The gnoll misses you.
Natasha hisses.
Natasha claws you but does no damage.
You hit Natasha.
Natasha is moderately wounded.
Natasha claws you.
* * * LOW HITPOINT WARNING * * *
Natasha attacks as you move away! Natasha barely misses you.
Natasha casts a spell.
The gnoll barely misses you.
Natasha mumbles some strange words.
Natasha's front paws start to glow.
The gnoll attacks as you move away! The gnoll barely misses you.
Natasha casts a spell.
You hit Natasha but do no damage.
Natasha is moderately wounded.
The cerulean imp completely misses you. Natasha claws you.
* * * LOW HITPOINT WARNING * * *
You hit Natasha but do no damage.
Natasha is moderately wounded.
The cerulean imp hits you with a +0 spear.
* * * LOW HITPOINT WARNING * * *
Natasha claws you.
* * * LOW HITPOINT WARNING * * *
You hit Natasha.
Natasha is heavily wounded.
The cerulean imp misses you. Natasha claws you but does no damage.
You barely miss Natasha.
Natasha is heavily wounded.
The cerulean imp hits you with a +0 spear.
* * * LOW HITPOINT WARNING * * *
Natasha claws you.
You die...

#### .......# .##
.## #... #### ...#
.####... ##..##
...#
[......##..(...##..
#####......##.....#
#####.....# #....#
..........####....#
### #......##..5@.#
..###..##...[..##h#
#.##....###..###.g#
#.....#...####...##
...##.##....)5..##
..###.......#####
.## ######### ## #


You could see Natasha, a gnoll and a cerulean imp (summoned).

Vanquished Creatures
  Natasha (twice) (D:2)
  2 gnolls (D:2)
  2 adders (D:2)
  3 endoplasms
  A giant cockroach (D:2)
  3 goblins
  5 hobgoblins (D:1)
  2 jackals (D:2)
  A quokka (D:2)
  A bat (D:1)
  A frilled lizard (D:2)
  5 kobolds (D:1)
  4 rats
32 creatures vanquished.

Notes
Turn   | Place    | Note
-------+----------+-------------------------------------------
     0 | D:1      | Chilbo the Gnoll Reaver began the quest for the Orb.
     0 | D:1      | Reached XP level 1. HP: 20/20 MP: 6/6
    33 | D:1      | You fall into a shaft and drop 1 floor!
    60 | D:2      | Reached XP level 2. HP: 21/26 MP: 7/7
   100 | D:2      | Noticed Natasha
   112 | D:2      | Killed Natasha
   113 | D:2      | Reached skill level 5 in Spellcasting
   113 | D:2      | Reached skill level 1 in Invocations
   113 | D:2      | Reached XP level 3. HP: 22/31 MP: 7/9
   209 | D:1      | Reached skill level 1 in Short Blades
   209 | D:1      | Reached skill level 1 in Long Blades
   209 | D:1      | Reached skill level 1 in Axes
   209 | D:1      | Reached skill level 1 in Maces & Flails
   209 | D:1      | Reached skill level 1 in Staves
   209 | D:1      | Reached skill level 1 in Ranged Weapons
   209 | D:1      | Reached skill level 1 in Throwing
   209 | D:1      | Reached skill level 1 in Armour
   209 | D:1      | Reached skill level 1 in Stealth
   209 | D:1      | Reached skill level 1 in Shields
   209 | D:1      | Reached skill level 1 in Unarmed Combat
   209 | D:1      | Reached skill level 1 in Evocations
   262 | D:1      | Found Ydwoam's Magic Scroll Shoppe.
   860 | D:1      | Bought a scroll of identify for 20 gold pieces
   860 | D:1      | Bought a scroll of identify for 20 gold pieces
   884 | D:2      | Reached XP level 4. HP: 37/38 MP: 11/11
  1001 | D:2      | Noticed Natasha
  1018 | D:2      | Killed Natasha
  1019 | D:2      | Reached skill level 1 in Hexes
  1019 | D:2      | Reached skill level 1 in Summonings
  1019 | D:2      | Reached skill level 1 in Necromancy
  1019 | D:2      | Reached skill level 1 in Translocations
  1019 | D:2      | Reached skill level 1 in Transmutations
  1019 | D:2      | Reached skill level 1 in Fire Magic
  1019 | D:2      | Reached skill level 1 in Ice Magic
  1019 | D:2      | Reached skill level 1 in Air Magic
  1019 | D:2      | Reached skill level 1 in Earth Magic
  1019 | D:2      | Reached skill level 1 in Poison Magic
  1044 | D:2      | Reached XP level 5. HP: 33/43 MP: 12/12
  1046 | D:2      | Noticed Natasha
  1064 | D:2      | HP: 2/43 [cerulean imp/+0 spear[Natasha] (5)]
  1064 | D:2      | Slain by Natasha

Illustrated notes

Levels and vault maps discovered:
D:1:      minmay_arrival_four_houses, layout_loops_ring, serial_shops, shop
D:2:      layout_basic, minmay_misc_feat_iff, uniq_natasha

Skill      XL: |  1  2  3  4 |
---------------+-------------+-----
Spellcasting   | 5 |  5.1
Invocations    | 1 |  1.5
Short Blades   | 1 |  1.3
Long Blades    | 1 |  1.3
Axes           | 1 |  1.3
Maces & Flails | 1 |  1.3
Staves         | 1 |  1.3
Ranged Weapons | 1 |  1.3
Throwing       | 1 |  1.3
Armour         | 1 |  1.3
Stealth        | 1 |  1.3
Shields        | 1 |  1.3
Unarmed Combat | 1 |  1.3
Evocations     | 1 |  1.3
Hexes          | 1 |  1.1
Summonings     | 1 |  1.1
Necromancy     | 1 |  1.1
Translocations | 1 |  1.1
Transmutations | 1 |  1.1
Fire Magic     | 1 |  1.1
Ice Magic      | 1 |  1.1
Air Magic      | 1 |  1.1
Earth Magic    | 1 |  1.1
Poison Magic   | 1 |  1.1
Fighting       | |  4.7
Polearms       | |  6.6
Dodging        | |  4.7
Conjurations   | |  5.5

Action                     |  1- 3 |  4- 6 || total
---------------------------+-------+-------++-------
  Melee: Spear             |    84 |    66 ||   150
         Bite              |     6 |     3 ||     9
         Punch             |       |     1 ||     1
   Stab: Sleeping          |     1 |       ||     1
 Armour: Leather armour    |     5 |    20 ||    25
  Dodge: Dodged            |    27 |    35 ||    62
